 Dungeon Crawl Stone Soup version 0.30.1-3-gfc49f6343a (webtiles) character file.

Game seed: 2710191327551661198

259 Cheops the Ruffian (level 5, -6/48 (50) HPs)
             Began as a Troll Fighter on July 27, 2023.
             Mangled by Crazy Yiuf
             ... wielding a +4 quarterstaff of chaos
              (11 damage)
             ... on level 2 of the Dungeon.
             The game lasted 00:05:45 (1661 turns).

Cheops the Ruffian (Troll Fighter)                  Turns: 1661, Time: 00:05:45

HP:   -6/48 (50)    AC:  4    Str: 24    XL:     5   Next: 94%
MP:   4/4           EV:  8    Int:  6    God:
Gold: 139           SH: 12    Dex:  9    Spells: 4/4 levels left

rFire   . .          .
                       - Unarmed
rCold   . . .        b - +0 kite shield
rNeg    . . .        a - +0 robe
rPois   .            (helmet restricted)
rElec   .            (no cloak)
rCorr   .            (gloves unavailable)
SInv    .            (boots unavailable)
Will    .....        i - amulet of reflection
Stlth   +            (no ring)
HPRegen 1.08/turn    (no ring)
MPRegen 0.09/turn

%: reflection
@: lightly drained
A: large, unfitting armour, claws 3, regeneration 1, shaggy fur 1, tough skin 1
a: no special abilities


You were on level 2 of the Dungeon.
You visited 1 branch of the dungeon, and saw 2 of its levels.

You collected 139 gold pieces.

Inventory:

Armour
 a - a +0 robe (worn)
 b - a +0 kite shield (worn)
Jewellery
 i - an amulet of reflection (around neck)
Scrolls
 g - 4 scrolls of identify {unknown}
 k - a scroll of magic mapping {unknown}
Potions
 c - a potion of might
 d - a potion of brilliance {unknown}
 e - a potion of degeneration {unknown}
 f - a potion of attraction {unknown}
 h - a potion of flight {unknown}
 j - a potion of curing {unknown}
 l - a potion of mutation {unknown}


   Skills:
 - Level 2.4 Fighting
 - Level 2.4 Dodging
 - Level 2.6 Shields
 + Level 6.3 Unarmed Combat


You had 4 spell levels left.
You didn't know any spells.
Your spell library was empty.

Dungeon Overview and Level Annotations

Branches:
Dungeon (2/15)

Altars:

Annotations:
D:2 Crazy Yiuf


Innate Abilities, Weirdness & Mutations

You are too large for most types of armour.
You have claws for hands.
Your natural rate of healing is unusually fast.
You are covered in fur. (AC +1)
You have tough skin. (AC +1)


Message History

Could not explore, unopened runed door.
No reachable target in view!
As you open the door, it creaks loudly!
You barely miss Crazy Yiuf.
Crazy Yiuf flaps his cloak.
You block Crazy Yiuf's attack.
You scratch Crazy Yiuf but do no damage.
Crazy Yiuf barely misses you.
You barely miss Crazy Yiuf. You block Crazy Yiuf's attack.
You closely miss Crazy Yiuf. You block Crazy Yiuf's attack.
You completely miss Crazy Yiuf.
Crazy Yiuf hits you with a +4 quarterstaff of chaos!
Crazy Yiuf burns you.
* * * LOW HITPOINT WARNING * * *
You scratch Crazy Yiuf.
Crazy Yiuf is lightly wounded.
You block Crazy Yiuf's attack.
You completely miss Crazy Yiuf.
Crazy Yiuf is lightly wounded.
Crazy Yiuf hits you with a +4 quarterstaff of chaos!
* * * LOW HITPOINT WARNING * * *
You feel drained.
* * * LOW HITPOINT WARNING * * *
You scratch Crazy Yiuf.
Crazy Yiuf is moderately wounded.
You block Crazy Yiuf's attack.
You closely miss Crazy Yiuf.
Crazy Yiuf is moderately wounded.
Crazy Yiuf hits you with a +4 quarterstaff of chaos!
* * * LOW HITPOINT WARNING * * *
You barely miss Crazy Yiuf.
Crazy Yiuf is moderately wounded.
You block Crazy Yiuf's attack.
You scratch Crazy Yiuf.
Crazy Yiuf is heavily wounded.
You block Crazy Yiuf's attack.
You scratch Crazy Yiuf but do no damage.
Crazy Yiuf is heavily wounded.
Crazy Yiuf hits you with a +4 quarterstaff of chaos!
You die...

###....# #.#
#.# #....#
#.# #.#
♣P..P♣
#.#######.##
♣♣...♣
#...........
♣♣.♣♣
#.#######.##
♣♣.♣ #.# #.#
♣.♣♣ #.# #.#
♣♣.♣ #.# #.#
♣@♣♣ #.# #.#
#g#
#.#######.#
...
#.........#
#...#
###########
#)..# #####


You could see Crazy Yiuf.

Vanquished Creatures
  Sigmund (D:2)
  Robin (D:2)
  A gnoll (D:1)
  An adder (D:2)
  A worm (D:2)
  2 dart slugs (D:2)
  7 endoplasms
  4 giant cockroaches (D:1)
  10 goblins
  8 hobgoblins
  4 jackals (D:2)
  3 kobolds (D:1)
  A quokka (D:1)
  3 ball pythons (D:1)
  6 bats
  3 frilled lizards
  2 rats (D:1)
58 creatures vanquished.

Notes
Turn   | Place    | Note
-------+----------+-------------------------------------------
     0 | D:1      | Cheops the Troll Fighter began the quest for the Orb.
     0 | D:1      | Reached XP level 1. HP: 22/22 MP: 0/0
    48 | D:1      | Reached XP level 2. HP: 16/29 MP: 1/1
    62 | D:1      | Reached skill level 3 in Unarmed Combat
   299 | D:1      | Reached XP level 3. HP: 36/36 MP: 2/2
   798 | D:2      | Noticed Robin
   866 | D:2      | Reached skill level 4 in Unarmed Combat
  1055 | D:2      | Noticed Sigmund
  1071 | D:2      | Killed Sigmund
  1072 | D:2      | Reached skill level 6 in Unarmed Combat
  1072 | D:2      | Reached XP level 4. HP: 21/44 MP: 3/3
  1072 | D:2      | Reached XP level 5. HP: 24/50 MP: 4/4
  1156 | D:2      | Killed Robin
  1355 | D:2      | Found a runed translucent door.
  1356 | D:2      | Noticed Crazy Yiuf
  1658 | D:2      | HP: 1/48 [Crazy Yiuf/+4 quarterstaff of chaos (13)]
  1661 | D:2      | Mangled by Crazy Yiuf

Illustrated notes

Levels and vault maps discovered:
D:1:      roderic_crop_circles_arrival_small, layout_basic, kennysheep_boxes
D:2:      layout_loops_ring, minmay_misc_feat_secret_circle, uniq_sigmund,
          uniq_robin, uniq_crazy_yiuf_cottage

Skill      XL: |  1  2  3 |
---------------+----------+-----
Unarmed Combat | 3 6 |  6.3
Fighting       | |  2.4
Dodging        | |  2.4
Shields        | |  2.6

Action                     |  1- 3 |  4- 6 || total
---------------------------+-------+-------++-------
  Melee: Unarmed           |   114 |    52 ||   166
    Use: Potion            |     1 |       ||     1
 Armour: Robe              |    34 |     3 ||    37
  Dodge: Dodged            |    27 |     8 ||    35
  Block: Kite shield       |    43 |    29 ||    72
         Reflection        |       |     2 ||     2
